 Dungeon Crawl Stone Soup version 0.18-a0-977-ge0e037f (webtiles) character file.

501671 Poody the Impregnable (level 23, -1/199 HPs)
             Began as a Centaur Hunter on Jan 3, 2016.
             Was the Champion of Okawaru.
             Slain by a phantasmal warrior (5 damage)
             ... summoned by an ancient lich
             ... while paralysed
             ... on level 2 of the Depths on Jan 4, 2016.
             The game lasted 05:12:27 (73105 turns).

Poody the Impregnable (Centaur Hunter)             Turns: 73105, Time: 05:12:28

Health: -1/199     AC: 42    Str: 20    XL:     23   Next: 77%
Magic:  24/27      EV:  1    Int: 10    God:    Okawaru [******]
Gold:   6254       SH:  0    Dex: 27    Spells: 5 memorised, 11 levels left

rFire  + + +     SeeInvis +     Q - +9 longbow of the Illusory Orbs {freeze, rElec}
rCold  + + .     Gourm    .     c - +6 chain mail "Maisush" {-Cast rElec rCorr}
rNeg   + . .     Faith    .     (shield currently unavailable)
rPois  +         Spirit   .     A - +0 hat of Experimentation {rN+ Str+3}
rElec  +         Dismiss  .     O - +3 cloak of Death Resistance {rF+ Str+2}
rCorr  +         Reflect  +     w - +2 pair of gloves {archery}
SustAt .         Harm     .     e - +1 centaur barding of Optimism {MR+}
MR     +++..     Rnd*Rage +     j - amulet of Pupliumn {Reflect Dex+4 SH+3}
Stlth  .......... NoCast   +    D - ring "Xirac" {+Fly rF+ rC+ MR+}
                                o - ring of Music {rPois rF++ rC+ Dex+3 SInv}

@: paralysed, liquid flames, finesse, fainting, glowing, very quick, extremely
resistant to hostile enchantments, extremely unstealthy
A: hooves 3, large bone plates 1, berserk 1, deformed body, speed 2, low mp 1,
poison resistance, regeneration 1, shaggy fur 1, tough skin 3
a: Heroism, Finesse, Renounce Religion, Evoke Flight
}: 3/15 runes: serpentine, barnacled, silver


You were on level 2 of the Depths.
You worshipped Okawaru.
Okawaru was exalted by your worship.
You were fainting.

You visited 8 branches of the dungeon, and saw 41 of its levels.
You also visited: Trove and Ice Cave.

You collected 7807 gold pieces.
You spent 1553 gold pieces at shops.

Inventory:

Hand Weapons
 L - the +6 lajatang of Slow Death {speed, MP+9 Int+3}
   (You found it in a treasure trove)

   Attacks with this weapon are significantly faster.
   It affects your intelligence (+3).
   It affects your magic capacity (+9).
 Q - the +9 longbow of the Illusory Orbs (weapon) {freeze, rElec}
   (Okawaru gifted it to you on level 2 of the Snake Pit)

   It causes projectiles fired from it to freeze those they strike, causing
   extra injury to most foes and up to half again as much damage against
   particularly susceptible opponents.
   They can also slow down cold-blooded creatures.
   It insulates you from electricity.
Missiles
 d - 573 arrows (quivered)
 f - 10 poisoned needles
 m - 96 arrows of flame
 F - 143 arrows of frost
 H - 55 arrows of dispersal
 Y - 155 poisoned arrows
Armour
 c - the +6 chain mail "Maisush" (worn) {-Cast rElec rCorr}
   (You found it on level 4 of the Dungeon)

   It insulates you from electricity.
   It prevents spellcasting.
   It protects you from acid and corrosion.
 e - the +1 centaur barding of Optimism (worn) {MR+}
   (You acquired it on level 6 of the Dungeon)

   It affects your resistance to hostile enchantments.
 t - a +1 cloak of poison resistance
 w - a +2 pair of gloves of archery (worn)
 A - the +0 hat of Experimentation (worn) {rN+ Str+3}
   (Okawaru gifted it to you on level 4 of the Snake Pit)

   It affects your strength (+3).
   It protects you from negative energy.
 O - the +3 cloak of Death Resistance (worn) {rF+ Str+2}
   (Okawaru gifted it to you on level 2 of the Vaults)

   It affects your strength (+2).
   It protects you from fire.
Jewellery
 j - the amulet of Pupliumn (around neck) {Reflect Dex+4 SH+3}
   (You found it on level 4 of the Shoals)

   [amulet of reflection]

   It shields you and reflects attacks.
   It affects your dexterity (+4).
   It affects your SH (+3).
 o - the ring of Music (left hand) {rPois rF++ rC+ Dex+3 SInv}
   (You found it on level 5 of the Vaults)

   [ring of protection from cold]

   It affects your dexterity (+3).
   It greatly protects you from fire.
   It protects you from cold.
   It protects you from poison.
   It lets you see invisible.
 D - the ring "Xirac" (right hand) {+Fly rF+ rC+ MR+}
   (You found it in a treasure trove)

   [ring of protection from cold]

   It protects you from fire.
   It protects you from cold.
   It affects your resistance to hostile enchantments.
   It lets you fly.
 G - the ring "Xohewo Togh" {Int+4 Slay+3 SInv Stlth-}
   (You found it on level 5 of the Vaults)

   [ring of loudness]

   It affects your intelligence (+4).
   It affects your accuracy and damage with ranged weapons and melee attacks
   (+3).
   It lets you see invisible.
   It makes you less stealthy.
 P - an uncursed ring of sustain attributes
Wands
 q - a wand of draining (14/15)
 B - a wand of heal wounds (5/9)
 K - a wand of teleportation (5/9)
 M - a wand of digging (13/24)
 S - a wand of hasting (3/9)
Scrolls
 i - a scroll of fear
 l - 6 scrolls of identify
 n - 11 scrolls of teleportation
 u - 7 scrolls of fog
 v - 15 scrolls of remove curse
 x - a scroll of enchant weapon
 y - a scroll of recharging
 E - a scroll of torment {unknown}
 J - a scroll of blinking
 Z - a scroll of magic mapping
Potions
 a - a potion of resistance
 g - a potion of berserk rage
 h - 7 potions of haste
 k - 23 potions of curing
 r - 9 potions of might
 z - 6 potions of agility
 C - a potion of brilliance
 I - 2 potions of heal wounds
Books
 p - Vuruadatz's Handbook of Lucky Combat Magic
   (You found it on level 1 of the Depths)

   Spells                             Type                      Level
   a - Swiftness                      Charms/Air                   2
   b - Throw Frost                    Conjuration/Ice              2
   c - Spectral Weapon                Hexes/Charms                 3
   d - Throw Icicle                   Conjuration/Ice              4
   e - Iskenderun's Battlesphere      Conjuration/Charms           5
Comestibles
 b - 3 fruits
 s - 2 chunks of flesh
 V - 15 meat rations


   Skills:
 - Level 15.0 Fighting
 - Level 15.4 Staves
 + Level 21.4 Bows
 - Level 22.4 Armour
 - Level 1.3 Dodging
 - Level 0.5 Stealth
 - Level 9.1 Translocations
 - Level 9.9 Invocations


You had 11 spell levels left.
You knew the following spells:

 Your Spells              Type           Power        Failure   Level  Hunger
a - Apportation           Tloc           ###.......   3%          1    ##.....
b - Blink                 Tloc           N/A          6%          2    ###....
c - Portal Projectile     Tloc           ###...       12%         3    ####...
d - Shroud of Golubria    Chrm/Tloc      #.........   34%         2    ###....
e - Teleport Other        Tloc           ###.....     12%         3    ####...


Dungeon Overview and Level Annotations

Branches:
Dungeon (15/15)            Temple (1/1) D:5            Lair (8/8) D:11
 Shoals (4/4) Lair:3        Snake (4/4) Lair:5        Slime (0/6) Lair:8
    Orc (2/2) D:9             Elf (0/3) Orc:2        Vaults (5/5) D:13
  Crypt (0/3) Vaults:3     Depths (2/5) D:15

Altars:
Ashenzari
Fedhas
Gozag
Kikubaaqudgha
Makhleb
Nemelex Xobeh
Okawaru
Pakellas
Ru
Sif Muna
Trog
Vehumet
Xom
Yredelemnul
Zin
Beogh

Shops:
D:12 (   Orc:1 *   Orc:2 :%[!   Shoals:4 !   Snake:3 (   Vaults:1 !
Vaults:2 [*[   Vaults:5 }

Portals:
Hell: Lair:8 Depths:1 Depths:2
Abyss: Depths:2
Pandemonium: Orc:2


Innate Abilities, Weirdness & Mutations

You have hooves in place of feet.
Armour fits poorly on your strangely shaped body.
You cover ground very quickly.
You have extremely tough skin (AC +3).
You are partially covered in large bone plates (AC +2, SH +2).
You tend to lose your temper in combat.
Your magical capacity is low (-10% MP).
Your system is resistant to poisons.
Your natural rate of healing is unusually fast.
You are covered in fur (AC +1).


Message History

The ancient lich touches you but does no damage.
The red very ugly thing gores you but does no damage.
You are covered in liquid flames!
* * * LOW HITPOINT WARNING * * *
The wraith hits you but does no damage. The hungry ghost hits you.
You feel slightly more hungry.
The phantom blinks!
The phantasmal warrior hits you but does no damage.
The neqoxec gestures.
The large slime creature hits you but does no damage.
The phantasmal warrior hits you.
* * * LOW HITPOINT WARNING * * *
The red very ugly thing gores you but does no damage.
The ancient lich gestures at you while chanting.
You feel haunted.
You hear a horrible gurgling sound!
You are covered in liquid flames!
* * * LOW HITPOINT WARNING * * *
Your surroundings seem slightly different.
The phantasmal warrior hits you.
You die...

######## ..#...#
.'.#.# #...#
#####.2.######### #
#....WW.35u3#...# ##
#.#..WWJL2#3WW#.# #≈
#...@WW§uW.G#(..# ##
#####W.W#####Wu2#####
#.W.#......)cu(3#
#...#.<...#.)u.2(
#...#.......u2..#
#########...#####
#...#...#....
#...#...#....
#...#...#...†


You could see an ancient lich (invisible), a red very ugly thing, a hell beast,
a great orb of eyes, a white ugly thing, a large slime creature, a soul eater, a
sun demon, a shadow demon, a shadow wraith (invisible), 3 phantasmal warriors, 2
freezing wraiths, a phantom, a hungry ghost, a neqoxec, 2 wraiths and a white
imp.

Vanquished Creatures
  A juggernaut (Depths:1)
  Margery (Vaults:2)
  Frederick (Vaults:4)
  A golden dragon (Vaults:5)
  Jory (Vaults:4)
  A large abomination (Vaults:5)
  Rupert (Lair:4)
  2 tentacled monstrosities
  2 liches
  A quicksilver dragon (shapeshifter) (Depths:2)
  A deep elf blademaster (Depths:2)
  5 titans
  A kraken (Shoals:2)
  Polyphemus (Shoals:3)
  4 sphinxes
  7 tengu reavers
  5 shadow dragons (Vaults:5)
  6 storm dragons
  10 greater nagas
  Ilsuiw (Shoals:4)
  3 fire giants
  Donald (Vaults:3)
  An iron dragon (Vaults:5)
  Wiglaf (Vaults:4)
  2 deep elf sorcerers (Vaults:5)
  5 frost giants
  A ghost moth (shapeshifter) (Vaults:5)
  Aizul (Snake:1)
  17 vault wardens
  4 war gargoyles
  A ghoul (Vaults:4)
  15 stone giants
  18 ironheart preservers
  11 very ugly things
  3 salamander stormcallers
  3 deep elf demonologists
  A lorocyproca (Depths:2)
  4 deep elf annihilators
  2 blizzard demons (IceCv)
  2 deep elf death magi (Vaults:5)
  A small abomination (Vaults:5)
  8 merfolk javelineers
  4 merfolk impalers
  A crystal guardian (Vaults:2)
  5 minotaurs
  A great orb of eyes (shapeshifter) (Depths:2)
  19 yaktaur captains
  4 fire dragons
  4 ice dragons
  18 naga warriors
  3 jiangshi (Depths:1)
  35 vault guards
  7 ettins
  4 deep elf high priests (Vaults:5)
  A rakshasa (Vaults:2)
  The ghost of glosham the Cleaver, a journeyman DgSu (IceCv)
  8 great orbs of eyes
  3 merfolk avatars
  A hydra (shapeshifter) (Vaults:5)
  4 spriggan air magi
  12 hydras
  A catoblepas (Shoals:3)
  11 centaur warriors
  3 death knights (Vaults:3)
  23 anacondas
  3 alligator snapping turtles
  11 ogre magi
  5 deep troll shamans
  2 tengu warriors (Depths:1)
  3 merfolk aquamancers
  4 satyrs
  5 dancing weapons
  2 vampire magi (Depths:1)
  3 death yaks
  2 deep troll earth magi
  A spriggan berserker (Depths:1)
  3 orc high priests (Orc:2)
  11 naga sharpshooters
  10 shock serpents
  Urug (D:13)
  Sonja (Lair:4)
  A sun demon (Lair:8)
  14 deep elf knights
  A fire crab (shapeshifter) (Vaults:4)
  3 shadow wraiths
  9 hell knights
  10 skeletal warriors (Vaults:2)
  3 fire crabs
  8 salamander mystics
  2 iron trolls (Depths:1)
  8 wizards
  An infernal demonspawn (Orc:2)
  3 unseen horrors
  A giant orange brain (shapeshifter) (Depths:2)
  A flayed ghost (Vaults:5)
  13 sea snakes
  8 naga ritualists
  9 deep elf archers
  2 deep trolls (shapeshifter) (Depths:2)
  17 ironbrand convokers
  16 deep trolls
  4 lindwurms (Snake:4)
  A lindwurm (shapeshifter) (Vaults:5)
  A torturous demonspawn (Orc:2)
  2 phantasmal warriors
  Pikel (D:7)
  17 harpies
  8 hill giants
  A tengu zombie (Vaults:3)
  A mana viper (shapeshifter) (Vaults:5)
  15 mana vipers
  2 wolf spiders (Vaults:1)
  21 orc knights
  9 necromancers
  53 ugly things
  30 deep elf magi
  7 fauns
  14 griffons
  10 orc sorcerers
  7 cyclopes
  9 manticores
  5 hornets
  A faun (shapeshifter) (Vaults:5)
  11 sirens
  6 water nymphs
  12 elephants
  15 salamanders
  31 black mambas
  A human skeleton (Vaults:3)
  3 guardian serpents (shapeshifter)
  22 naga magi
  3 centaur zombies
  4 ice statues
  7 guardian serpents
  2 rust devils (Orc:2)
  An octopode (shapeshifter) (Vaults:4)
  11 vault sentinels
  A smoke demon (Lair:8)
  2 gargoyles (D:14)
  3 orange demons (Lair:8)
  23 spiny frogs
  A storm dragon simulacrum (Vaults:2)
  32 yaktaurs
  8 komodo dragons
  4 kobold demonologists
  7 fire drakes
  2 anaconda simulacra (Depths:2)
  A fire drake (shapeshifter) (Vaults:5)
  15 ice devils
  A yaktaur (shapeshifter) (Vaults:2)
  A hellwing (Lair:8)
  A polar bear (shapeshifter) (D:12)
  3 red devils (Lair:8)
  A freezing wraith (Vaults:4)
  2 trolls (shapeshifter)
  28 merfolk
  2 polar bears
  4 wind drakes (Shoals:4)
  10 trolls
  A jumping spider (Vaults:5)
  14 two-headed ogres
  17 blink frogs
  A slime creature (shapeshifter) (Vaults:5)
  30 slime creatures
  8 boulder beetles
  A redback (shapeshifter) (Depths:2)
  10 snapping turtles
  14 water elementals
  2 redbacks (Vaults:5)
  An air elemental (Depths:2)
  A trapdoor spider (D:13)
  2 wyverns (Lair:3)
  31 yaks
  A ynoxinul (Orc:2)
  A wyvern (shapeshifter) (Vaults:4)
  A hungry ghost (D:6)
  5 wraiths
  29 humans
  A neqoxec (Orc:2)
  14 vampire mosquitoes
  A human simulacrum (Vaults:3)
  7 wolves
  Edmund (D:4)
  Menkaure (D:5)
  16 hippogriffs
  29 nagas
  A harpy simulacrum (Depths:2)
  A warg (Orc:1)
  4 mottled dragons
  A soldier ant (shapeshifter) (D:15)
  A soldier ant (D:14)
  Duvessa (D:7)
  A hell hound (Lair:8)
  48 orc warriors
  A swamp drake (D:9)
  A black bear (Lair:4)
  8 porcupines
  19 water moccasins
  2 wasps
  3 sky beasts
  4 necrophages (Vaults:4)
  An eye of draining (D:10)
  An orc zombie (Vaults:2)
  2 black bears (shapeshifter)
  An ettin simulacrum (Vaults:1)
  An ice beast (D:13)
  A human zombie (Vaults:3)
  A boggart (Vaults:2)
  15 centaurs
  4 phantoms
  33 ogres
  19 crocodiles
  A big kobold (Vaults:4)
  20 giant frogs
  Blork the orc (Vaults:3)
  A gnoll sergeant (D:8)
  A deep troll simulacrum (Vaults:2)
  A wyvern zombie (D:7)
  3 scorpions
  Dowan (D:7)
  5 killer bees (D:10)
  An elf simulacrum (Vaults:3)
  2 spriggan skeletons (D:13)
  A troll skeleton (D:13)
  4 wights (D:8)
  3 giant frog zombies
  4 crimson imps
  A quasit (D:12)
  Crazy Yiuf (D:7)
  7 hounds
  30 orc priests
  7 centaur skeletons
  6 jellies
  23 orc wizards
  3 giant frog skeletons
  13 worker ants
  12 iguanas
  26 sheep
  4 hound skeletons
  14 gnolls
  11 adders
  29 river rats
  6 shadow imps
  10 white imps (IceCv)
  6 ufetubi (IceCv)
  An adder zombie (D:5)
  An ooze (D:2)
  2 adder skeletons
  4 worms
  2 giant geckos
  99 orcs
  8 giant cockroaches
  5 goblins
  A goblin (shapeshifter) (Vaults:2)
  7 hobgoblins
  6 jackals
  5 quokkas
  2 ball pythons
  6 bats
  A giant gecko zombie (D:5)
  6 giant newts
  A jackal skeleton (D:6)
  14 kobolds
  9 rats
  A spectral orc (D:2)
  A crawling corpse (Vaults:5)
  2 fungi (Lair:5)
  4 plants
  4 tentacles (Shoals:2)
1893 creatures vanquished.

Vanquished Creatures (others)
  Norris (Vaults:4)
  Nikola (Shoals:3)
  An ironheart preserver (Vaults:2)
  A lorocyproca (Depths:2)
  A deep elf high priest (Vaults:5)
  A naga sharpshooter (Snake:2)
  2 deep elf archers
  A faun (Shoals:3)
  A cyclops (D:11)
  3 yaktaurs
  A naga (Snake:2)
  A necrophage (Vaults:4)
  A centaur (D:15)
  A human skeleton (Vaults:2)
  A human simulacrum (Vaults:2)
  An orc priest (Orc:2)
  A worker ant (D:8)
  A gnoll (D:8)
  An ufetubus (IceCv)
  A kobold (Vaults:1)
  20 fungi
  12 plants
  9 tentacles (Shoals:2)
  812 tentacle segments (Shoals:2)
876 creatures vanquished.

Grand Total: 2769 creatures vanquished

Notes
Turn   | Place    | Note
--------------------------------------------------------------
     0 | D:1      | Poody the Centaur Hunter began the quest for the Orb.
     0 | D:1      | Reached XP level 1. HP: 17/17 MP: 1/1
   346 | D:1      | Reached XP level 2. HP: 19/24 MP: 2/2
   368 | D:1      | Reached skill level 6 in Bows
   860 | D:2      | Found a basalt altar of Yredelemnul.
   990 | D:2      | Found a burning altar of Makhleb.
  1005 | D:2      | Reached XP level 3. HP: 22/29 MP: 3/3
  1344 | D:2      | Reached skill level 7 in Bows
  2103 | D:3      | Reached XP level 4. HP: 33/36 MP: 4/4
  2478 | D:3      | Found a shimmering altar of Xom.
  2824 | D:3      | Reached skill level 8 in Bows
  2836 | D:3      | Reached XP level 5. HP: 18/41 MP: 5/5
  3400 | D:3      | Reached skill level 9 in Bows
  3666 | D:4      | Reached XP level 6. HP: 43/48 MP: 6/6
  3704 | D:4      | Noticed an angel
  3706 | D:4      | Found a glowing silver altar of Zin.
  3706 | D:4      | Found a shimmering altar of Xom.
  3716 | D:4      | Got a smoking chain mail
  3754 | D:4      | Reached skill level 10 in Bows
  3922 | D:4      | Identified the +6 chain mail "Maisush" {-Cast rElec rCorr} (You found it on level 4 of the Dungeon)
  4309 | D:5      | Entered Level 5 of the Dungeon
  4309 | D:5      | Noticed Edmund
  4377 | D:4      | Killed Edmund
  4377 | D:4      | Reached XP level 7. HP: 55/55 MP: 7/7
  4467 | D:5      | Found a staircase to the Ecumenical Temple.
  4559 | D:5      | Found a deep blue altar of Sif Muna.
  4638 | D:5      | Reached skill level 11 in Bows
  5058 | D:5      | Noticed Menkaure
  5081 | D:5      | Killed Menkaure
  5081 | D:5      | Reached skill level 12 in Bows
  6012 | D:6      | Reached XP level 8. HP: 55/61 MP: 8/8
  6140 | D:6      | Reached skill level 13 in Bows
  6785 | D:6      | Reached skill level 14 in Bows
  6987 | Temple   | Entered the Ecumenical Temple
  6996 | Temple   | Became a worshipper of Warmaster Okawaru
  7376 | D:6      | Identified a scroll of acquirement
  7377 | D:6      | Got a warped centaur barding
  7383 | D:6      | Identified the +1 centaur barding of Optimism {MR+} (You acquired it on level 6 of the Dungeon)
  7644 | D:7      | Reached skill level 15 in Bows
  7734 | D:7      | Reached skill level 1 in Staves
  7883 | D:7      | Noticed Crazy Yiuf
  7890 | D:7      | Killed Crazy Yiuf
  7890 | D:7      | Reached XP level 9. HP: 64/67 MP: 9/9
  7970 | D:7      | Reached * piety under Okawaru
  8014 | D:7      | Noticed Dowan
  8015 | D:7      | Noticed Duvessa
  8051 | D:7      | Killed Dowan
  8061 | D:7      | Killed Duvessa
  8392 | D:7      | Gained mutation: You are partially covered in large bone plates (AC +2, SH +2). [potion of mutation]
  8392 | D:7      | Gained mutation: Your natural rate of healing is unusually fast. [potion of mutation]
  8392 | D:7      | Gained mutation: Your system is resistant to poisons. [potion of mutation]
  8399 | D:8      | Noticed Pikel
  8434 | D:7      | Killed Pikel
  8434 | D:7      | Reached skill level 5 in Staves
  8579 | D:8      | Reached ** piety under Okawaru
  9439 | D:9      | Noticed a troll
  9467 | D:9      | Killed a troll
  9939 | D:9      | Reached XP level 10. HP: 20/73 MP: 10/10
 10110 | D:9      | Found a staircase to the Orcish Mines.
 10184 | D:9      | Reached *** piety under Okawaru
 10497 | D:10     | Entered Level 10 of the Dungeon
 11220 | D:11     | Reached **** piety under Okawaru
 11237 | D:11     | Noticed an elephant
 11238 | D:11     | Found a staircase to the Lair.
 11258 | D:11     | Killed an elephant
 11267 | D:11     | Reached skill level 10 in Staves
 11432 | D:11     | Noticed a cyclops
 11435 | D:11     | Noticed a hill giant
 11442 | D:11     | Killed a hill giant
 11453 | D:11     | Killed a cyclops
 11485 | D:11     | Noticed a five-headed hydra
 11504 | D:11     | Killed a five-headed hydra
 11504 | D:11     | Reached ***** piety under Okawaru
 11504 | D:11     | Received a gift from Okawaru
 11584 | D:11     | Reached XP level 11. HP: 57/79 MP: 11/11
 11827 | D:11     | Noticed a hill giant
 11845 | D:11     | Killed a hill giant
 11969 | Lair:1   | Entered Level 1 of the Lair of Beasts
 11990 | Lair:1   | Learned a level 1 spell: Apportation
 12392 | Lair:1   | Received a gift from Okawaru
 12608 | Lair:1   | Received a gift from Okawaru
 13868 | Lair:2   | Received a gift from Okawaru
 13890 | Lair:2   | Received a gift from Okawaru
 14557 | Lair:3   | Found a shimmering altar of Xom.
 14559 | Lair:3   | Noticed a five-headed hydra
 14582 | Lair:3   | Killed a five-headed hydra
 14582 | Lair:3   | Received a gift from Okawaru
 14641 | Lair:3   | Found a staircase to the Shoals.
 14847 | Lair:3   | Reached XP level 12. HP: 48/85 MP: 12/12
 14852 | Lair:3   | Reached ****** piety under Okawaru
 15468 | Lair:3   | Received a gift from Okawaru
 15996 | Lair:4   | Noticed Sonja
 16004 | Lair:4   | Killed Sonja
 16052 | Lair:4   | Reached skill level 15 in Staves
 16105 | Lair:4   | Noticed a seven-headed hydra
 16129 | Lair:4   | Killed a seven-headed hydra
 16182 | Lair:4   | Noticed Rupert
 16788 | Lair:4   | Paralysed by Rupert for 4 turns
 16893 | Lair:4   | Paralysed by Rupert for 5 turns
 17485 | Lair:4   | Noticed an eight-headed hydra
 17528 | Lair:4   | Killed an eight-headed hydra
 17528 | Lair:4   | Reached skill level 5 in Fighting
 18203 | Lair:4   | Noticed a four-headed hydra
 18235 | Lair:4   | Killed a four-headed hydra
 18280 | Lair:4   | Received a gift from Okawaru
 18284 | Lair:4   | Got an ivory quarterstaff {god gift}
 18285 | Lair:4   | Identified the +6 quarterstaff of the Abyss {venom, Stlth+} (Okawaru gifted it to you on level 4 of the Lair of Beasts)
 18690 | Lair:4   | Killed Rupert
 18690 | Lair:4   | Reached XP level 13. HP: 49/107 MP: 13/13
 19295 | Lair:5   | Found a staircase to the Snake Pit.
 19569 | Lair:5   | Received a gift from Okawaru
 20456 | Lair:6   | Reached skill level 10 in Fighting
 21013 | Lair:7   | Got a crude quarterstaff
 21014 | Lair:7   | Identified the +3 quarterstaff "Zipneiv" {elec, *Drain rN+ MR+} (You found it on level 7 of the Lair of Beasts)
 22536 | Lair:8   | Entered Level 8 of the Lair of Beasts
 22830 | Lair:8   | Received a gift from Okawaru
 23131 | Lair:8   | Found a staircase to the Slime Pits.
 23681 | Lair:8   | Reached XP level 14. HP: 71/127 MP: 14/14
 23711 | Lair:8   | Reached skill level 1 in Translocations
 24044 | Lair:8   | Reached skill level 1 in Armour
 24068 | Lair:8   | Found a burning altar of Makhleb.
 24305 | Lair:8   | Received a gift from Okawaru
 25289 | Lair:8   | Received a gift from Okawaru
 25306 | Lair:8   | Found a gateway to Hell.
 25957 | Orc:1    | Entered Level 1 of the Orcish Mines
 26027 | Orc:1    | Found Fyfoklad's Assorted Antiques.
 26185 | Orc:1    | Found a roughly hewn altar of Beogh.
 26509 | Orc:2    | Entered Level 2 of the Orcish Mines
 27041 | Orc:2    | Found a staircase to the Elven Halls.
 27130 | Orc:2    | Found Oreq's Distillery.
 27133 | Orc:2    | Found Litredo's Food Shop.
 27422 | Orc:2    | Reached skill level 5 in Armour
 27790 | Orc:2    | Gained mutation: You tend to lose your temper in combat. [a neqoxec]
 28192 | Orc:2    | Received a gift from Okawaru
 28197 | Orc:2    | HP: 2/127 [sixfirhy[an orc high priest] (9)]
 28861 | Orc:2    | Found Ofilio's Antique Armour Shoppe.
 28861 | Orc:2    | Found Fumool's Book Emporium.
 28861 | Orc:2    | Found a one-way gate leading to the halls of Pandemonium.
 28899 | Orc:2    | Bought a book of Spatial Translocations for 1040 gold pieces
 29012 | Orc:2    | Reached skill level 5 in Translocations
 29371 | D:9      | Learned a level 2 spell: Blink
 29375 | D:9      | Learned a level 3 spell: Portal Projectile
 29806 | D:12     | Got a coiled amber ring
 29807 | D:12     | Identified the ring "Hetoba" {rPois rF++ EV+3} (You found it on level 12 of the Dungeon)
 30229 | D:12     | Found Seargh's Weapon Boutique.
 30485 | D:13     | Noticed Urug
 30500 | D:13     | Killed Urug
 30500 | D:13     | Reached XP level 15. HP: 111/134 MP: 15/15
 30708 | D:13     | Reached skill level 16 in Bows
 30831 | D:13     | Found a gate to the Vaults.
 30854 | D:13     | Received a gift from Okawaru
 31379 | D:13     | Found a portal to a secret trove of treasure.
 31496 | D:13     | Reached skill level 17 in Bows
 32474 | Orc:1    | Bought a copper wand for 104 gold pieces
 32718 | D:14     | Got a faintly humming ring mail
 32719 | D:14     | Identified the +0 ring mail of the Garden {rN+ MR+ Int-4 Stlth+} (You found it on level 14 of the Dungeon)
 33434 | D:15     | Entered Level 15 of the Dungeon
 33478 | D:15     | Reached skill level 18 in Bows
 33881 | D:15     | Found a staircase to the Depths.
 33891 | D:15     | Found a blossoming altar of Fedhas.
 34716 | Snake:1  | Entered Level 1 of the Snake Pit
 34764 | Lair:5   | Reached skill level 19 in Bows
 35042 | Snake:1  | Noticed Aizul
 35526 | Snake:1  | Killed Aizul
 35650 | Snake:1  | Received a gift from Okawaru
 36141 | Snake:1  | Noticed a greater naga
 36167 | Snake:1  | Killed a greater naga
 36167 | Snake:1  | Received a gift from Okawaru
 36305 | Snake:1  | Reached skill level 20 in Bows
 37037 | Snake:1  | Reached XP level 16. HP: 123/144 MP: 0/16
 37889 | Snake:2  | Received a gift from Okawaru
 37915 | Snake:2  | Got an ichor-stained longbow {god gift}
 37916 | Snake:2  | Identified the +9 longbow of the Illusory Orbs {freeze, rElec} (Okawaru gifted it to you on level 2 of the Snake Pit)
 38690 | Snake:3  | Reached skill level 15 in Fighting
 38777 | Snake:3  | Received a gift from Okawaru
 39050 | Snake:3  | Reached skill level 5 in Invocations
 39861 | Snake:3  | Found Puwon's Antique Weapon Shoppe.
 40059 | Snake:4  | Entered Level 4 of the Snake Pit
 40074 | Snake:4  | Found an ancient bone altar of Kikubaaqudgha.
 40606 | Snake:4  | Received a gift from Okawaru
 41072 | Snake:4  | Received a gift from Okawaru
 41089 | Snake:4  | Got a warped hat {god gift}
 41100 | Snake:4  | Identified the +0 hat of Experimentation {rN+ Str+3} (Okawaru gifted it to you on level 4 of the Snake Pit)
 41236 | Snake:4  | Reached XP level 17. HP: 156/156 MP: 24/24
 41502 | Snake:4  | HP: 7/156 [poisoned by a greater naga (splash of poison)]
 41508 | Snake:4  | HP: 7/156 [poisoned by a greater naga (splash of poison)]
 41513 | Snake:4  | HP: 7/156 [poisoned by a greater naga (splash of poison)]
 42431 | Snake:4  | Received a gift from Okawaru
 42821 | Snake:4  | Received a gift from Okawaru
 43287 | Snake:4  | Got a serpentine rune of Zot
 43597 | Shoals:1 | Entered Level 1 of the Shoals
 43619 | Shoals:1 | Received a gift from Okawaru
 43856 | D:13     | You paid a toll of a wand of hasting (8) to enter a treasure trove
 43857 | Trove    | Entered a treasure trove
 43872 | Trove    | Got a bound jade ring
 43884 | Trove    | Got an ancient marble ring
 43895 | Trove    | Got a brightly glowing chain mail
 43898 | Trove    | Got a smoking lajatang
 43904 | Trove    | Got a twisted dagger
 44035 | Lair:1   | Identified the +6 lajatang of Slow Death {speed, MP+9 Int+3} (You found it in a treasure trove)
 44036 | Lair:1   | Identified the cursed +1 dagger of Massacring {venom, rC++ Dex+3} (You found it in a treasure trove)
 44070 | Lair:1   | Identified the +7 chain mail of Syetror {rN++ Str+5 Stlth-} (You found it in a treasure trove)
 44087 | Lair:1   | Identified the ring "Finink" {Fire rN+ Dex-5 SInv} (You found it in a treasure trove)
 44089 | Lair:1   | Identified the ring "Xirac" {+Fly rF+ rC+ MR+} (You found it in a treasure trove)
 45528 | Shoals:2 | Reached skill level 10 in Armour
 45888 | Shoals:2 | Got a twisted leather armour
 45900 | Shoals:2 | Received a gift from Okawaru
 46094 | Shoals:2 | Noticed a kraken
 46139 | Shoals:2 | Killed a kraken
 46323 | Shoals:2 | Reached XP level 18. HP: 159/163 MP: 25/25
 46643 | Shoals:3 | Noticed Nikola
 46655 | Shoals:3 | Killed Nikola
 46777 | Shoals:3 | Identified the +2 leather armour "Teoxy" {-Tele rC++ Int+3 Dex+3} (You found it on level 2 of the Shoals)
 47448 | Shoals:3 | Received a gift from Okawaru
 47449 | Shoals:3 | Got a crude shortbow {god gift}
 47459 | Shoals:3 | Identified the +2 shortbow of Lutef {velocity, Dex+3} (Okawaru gifted it to you on level 3 of the Shoals)
 47726 | Shoals:3 | Noticed Polyphemus
 47822 | Shoals:3 | Killed Polyphemus
 48563 | Shoals:4 | Entered Level 4 of the Shoals
 48582 | Shoals:4 | Found a frozen archway.
 48706 | IceCv    | Entered an ice cave
 48706 | IceCv    | Noticed glosham's ghost (journeyman DgSu)
 48717 | IceCv    | Killed glosham's ghost
 49015 | IceCv    | Got a warped ice dragon armour
 49026 | IceCv    | Identified the cursed +1 ice dragon armour of Cyiqicuc {rF- rC++ SInv} (You found it in an ice cave)
 49204 | Shoals:4 | Found Huxkeihy's Distillery.
 49244 | Shoals:4 | Bought a potion of heal wounds for 95 gold pieces
 49244 | Shoals:4 | Bought a potion of curing for 57 gold pieces
 49244 | Shoals:4 | Bought a potion of curing for 57 gold pieces
 49244 | Shoals:4 | Bought a potion of curing for 57 gold pieces
 50152 | Shoals:4 | Received a gift from Okawaru
 50153 | Shoals:4 | Got a scorched centaur barding {god gift}
 50230 | Shoals:4 | Got a clouded steel amulet
 50359 | Shoals:4 | Identified the +0 centaur barding of Honour {rC++} (Okawaru gifted it to you on level 4 of the Shoals)
 50379 | Shoals:4 | Got a barnacled rune of Zot
 50561 | Shoals:4 | Noticed Ilsuiw
 50592 | Shoals:4 | Killed Ilsuiw
 51612 | Lair:1   | Identified the amulet of Pupliumn {Reflect Dex+4 SH+3} (You found it on level 4 of the Shoals)
 51738 | Vaults:1 | Entered Level 1 of the Vaults
 51795 | Vaults:1 | Reached XP level 19. HP: 160/170 MP: 26/26
 52289 | Vaults:1 | Found Seluis's Distillery.
 52518 | Vaults:1 | Bought a potion of curing for 39 gold pieces
 52518 | Vaults:1 | Bought a potion of curing for 39 gold pieces
 52518 | Vaults:1 | Bought a potion of heal wounds for 65 gold pieces
 52616 | Vaults:1 | Received a gift from Okawaru
 52622 | Vaults:1 | Paralysed by a great orb of eyes for 2 turns
 52630 | Vaults:1 | Paralysed by a great orb of eyes for 5 turns
 52790 | Vaults:1 | Received a gift from Okawaru
 53575 | Vaults:1 | Reached skill level 15 in Armour
 53922 | Vaults:1 | Received a gift from Okawaru
 54554 | Vaults:2 | Noticed Margery
 54712 | Vaults:2 | Killed Margery
 55252 | Vaults:2 | Received a gift from Okawaru
 55300 | Vaults:2 | Found Gozag's Assorted Antiques.
 55311 | Vaults:2 | Found Gozag's Antique Armour Shoppe.
 55329 | Vaults:2 | Found an opulent altar of Gozag.
 55329 | Vaults:2 | Found Gozag's Antique Armour Emporium.
 55376 | Vaults:2 | Gained mutation: Your magical capacity is low (-10% MP). [a neqoxec]
 55376 | Vaults:2 | Paralysed by an orc sorcerer for 6 turns
 55397 | Vaults:2 | Reached XP level 20. HP: 108/178 MP: 24/24
 56482 | Vaults:2 | Received a gift from Okawaru
 56945 | Vaults:2 | Received a gift from Okawaru
 57229 | Vaults:2 | Got a spiked cloak {god gift}
 57266 | Vaults:2 | Identified the +3 cloak of Death Resistance {rF+ Str+2} (Okawaru gifted it to you on level 2 of the Vaults)
 58018 | Vaults:3 | Noticed Donald
 58036 | Vaults:3 | Killed Donald
 58355 | Vaults:3 | Found a staircase to the Crypt.
 59584 | Vaults:4 | Noticed Frederick
 59641 | Vaults:4 | Killed Frederick
 59645 | Vaults:4 | Received a gift from Okawaru
 59647 | Vaults:4 | Noticed Jory
 59963 | Vaults:4 | Noticed Blork the orc
 60016 | Vaults:3 | Killed Blork the orc
 60692 | Vaults:4 | Reached XP level 21. HP: 158/184 MP: 25/25
 61067 | Vaults:4 | Got a smoking hat {god gift}
 61078 | Vaults:4 | Identified the +2 hat of Okawaru's Esteem {+Blink} (Okawaru gifted it to you on level 4 of the Vaults)
 61181 | Vaults:4 | Killed Jory
 61559 | Vaults:4 | Noticed Norris
 61602 | Vaults:4 | Killed Norris
 61904 | Vaults:4 | Noticed Wiglaf
 61915 | Vaults:4 | Killed Wiglaf
 62008 | Vaults:4 | Gained mutation: You are covered in fur (AC +1). [potion of beneficial mutation]
 62088 | Vaults:4 | Received a gift from Okawaru
 64092 | Lair:1   | Learned a level 2 spell: Shroud of Golubria
 64326 | Vaults:5 | Entered Level 5 of the Vaults
 65254 | Vaults:5 | Received a gift from Okawaru
 65297 | Vaults:5 | Received a gift from Okawaru
 65480 | Vaults:5 | Reached XP level 22. HP: 133/192 MP: 26/26
 65696 | Vaults:5 | Got a fine copper ring
 65928 | Vaults:5 | Got a warped short sword
 66809 | Vaults:5 | Received a gift from Okawaru
 66841 | Vaults:5 | Received a gift from Okawaru
 67282 | Vaults:5 | Got a crude glaive {flame}
 67327 | Vaults:5 | Received a gift from Okawaru
 67400 | Vaults:5 | Found Ruda's Gadget Shop.
 67438 | Vaults:5 | Got a warped golden ring
 67790 | Lair:1   | Identified the +10 glaive "Amuentat" {flame, +Blink MR+++ Int-2 Stlth+} (You took it off a tengu reaver on level 5 of the Vaults)
 67791 | Lair:1   | Identified the +10 short sword of Deilumor {pierce, rElec rC+ MP+9 Int+2} (You found it on level 5 of the Vaults)
 67800 | Lair:1   | Identified the ring "Xohewo Togh" {Int+4 Slay+3 SInv Stlth-} (You found it on level 5 of the Vaults)
 67801 | Lair:1   | Identified the ring of Music {rPois rF++ rC+ Dex+3 SInv} (You found it on level 5 of the Vaults)
 68298 | Vaults:5 | Noticed a golden dragon
 68304 | Vaults:5 | Killed a golden dragon
 68304 | Vaults:5 | Reached skill level 21 in Armour
 68470 | Vaults:5 | Received a gift from Okawaru
 68726 | Vaults:5 | Received a gift from Okawaru
 68727 | Vaults:5 | Got a faintly humming robe {god gift}
 68742 | Vaults:5 | Identified the +1 robe "Wyelil" {MR++ Int+3} (Okawaru gifted it to you on level 5 of the Vaults)
 69193 | Vaults:4 | Reached XP level 23. HP: 118/199 MP: 27/27
 69860 | Vaults:5 | Got a silver rune of Zot
 69863 | Vaults:5 | Identified the Catalogue of the Feathery Glacier
 70352 | Lair:1   | Learned a level 3 spell: Teleport Other
 70559 | Depths:1 | Entered Level 1 of the Depths
 71123 | Depths:1 | Reached skill level 22 in Armour
 71668 | Depths:1 | Received a gift from Okawaru
 71672 | Depths:1 | Noticed a juggernaut
 71698 | Depths:1 | Killed a juggernaut
 71974 | Depths:1 | Identified Vuruadatz's Handbook of Lucky Combat Magic
 72198 | Depths:2 | Received a gift from Okawaru
 72735 | Depths:2 | Received a gift from Okawaru
 72983 | Depths:2 | Found a one-way gate to the infinite horrors of the Abyss.
 73019 | Depths:2 | Noticed an ancient lich
 73102 | Depths:2 | HP: 8/199 [red very ugly thing[an ancient lich] (14)]
 73105 | Depths:2 | HP: 3/199 [burnt (1)]
 73105 | Depths:2 | Slain by a phantasmal warrior

Vault maps used:
D:1:      co_arrival_two_rings, minivault_24
D:2:      yredelemnul_forgotten_temple_becter, first_bread, bloody_makhleb
D:3:      tgw_xom
D:4:      grunt_temple_overflow_order_and_chaos_1, grunt_ministairs_2,
          minmay_misc_feat_doors
D:5:      old_standard_altar, minmay_temple_entry_from_below_a, uniq_edmund,
          uniq_menkaure
D:7:      uniq_crazy_yiuf_cottage, uniq_duvessa
D:8:      uniq_pikel
D:9:      erik_orc_1
D:11:     david_lair_generic
D:12:     minmay_tri_box, serial_shops, nicolae_shop_stone
D:13:     grunt_vaults_entry_tiered, nicolae_trove_entry_crossroad,
          hangedman_tell_no_tales, uniq_urug
D:14:     nicolae_two_hexagons
D:15:     hangedman_depths_entry_civil_slaughter, fedhas_altar_1
Temple:   lightli_temple_of_artemis
Lair:2:   lemuel_fruit_tree
Lair:3:   elwin_shoals_entry_rocks, basic_altar, lemuel_fruit_fields
Lair:4:   ldierk_geyser, grunt_forest_small_clearings, uniq_sonja, uniq_rupert
Lair:5:   minmay_snake_entry_spellcaster
Lair:6:   bh_autumn_forest_stairs
Lair:8:   evil_forest, dpeg_slime_entry_corner, serial_bayou_pond_d,
          infiniplex_staircase_pool_2, grunt_megastairs_4
Shoals:3: uniq_nikola, uniq_polyphemus
Shoals:4: shoals_end_grunt_ice, shoals_ilsuiw_ice, serial_shops, shop,
          portal_ice_cave_entry_ice_statue_02
Snake:1:  uniq_aizul
Snake:3:  serial_shops, nicolae_shop_stone
Snake:4:  snake_pit_salamanders_mu, basic_altar
Orc:1:    serial_shops, nicolae_shop_stone, nicolae_orc_lost_temple
Orc:2:    pf_orc_diabolical
Vaults:1: ontoclasm_vaults_chip, vaults_mumra_minichess_inversion,
          grunt_vaults_hallway_long, vaults_room_pools,
          nicolae_vaults_triangles, vaults_room_grunt_arrival_ludios,
          nicolae_vaults_rhombus_6, nicolae_vaults_diagonal_hallway_6,
          v_misc_24, nicolae_vaults_theta, ontoclasm_vaults_pinch,
          nicolae_vaults_gold_heap, st_cells, ontoclasm_vaults_loading_screen,
          vaults_mumra_chevron, serial_shops, shop
Vaults:2: kennysheep_vaults_gozag_temple, dpeg_vaults_monster_box, v_pattern_5,
          ontoclasm_vaults_bender, v_misc_24, vaults_room_door_ring,
          nicolae_vaults_hallways_thing, v_misc_2, nicolae_vaults_rhombus_6,
          grunt_vaults_focal, ontoclasm_vaults_ligature, vaults_dpeg_spiral,
          ontoclasm_vaults_decontamination, nicolae_vaults_yaktaur_gun_rack,
          vaults_dpeg_ring, uniq_margery
Vaults:3: hangedman_vaults_snaps, vaults_room_grid,
          nicolae_vaults_circle_grid_a, nicolae_vaults_circle_grid_b,
          v_alt_pattern_1, v_misc_22, blue_anna_dwarven_crypt, serial_ice_h,
          uniq_donald
Vaults:4: v_rooms_3, grunt_vaults_hallway_short, metal_show, v_misc_17,
          vaults_mumra_minichess, nicolae_vaults_mini_display_case,
          ontoclasm_vaults_shuriken, v_alt_pattern_3, v_misc_30, serial_ice_g,
          hangedman_vaults_trim, uniq_jory, uniq_frederick
Depths:1: hell_entry, serial_bayou_pond_a, minmay_evil_grid
Depths:2: hangedman_crystal_crosses_colossus, abyss_entry, hell_entry
Trove:    trove_simple
IceCv:    ice_cave_small_demon

Action                   |  1- 3 |  4- 6 |  7- 9 | 10-12 | 13-15 | 16-18 | 19-21 | 22-24 || total
-------------------------+-------+-------+-------+-------+-------+-------+-------+-------++-------
Melee: Short sword       |    29 |       |       |       |       |       |       |       ||    29
       Spear             |   104 |   162 |    77 |       |       |       |       |       ||   343
       Quarterstaff      |       |       |   523 |  1013 |   531 |       |       |       ||  2067
       Lajatang          |       |       |       |       |   966 |   610 |  1593 |   460 ||  3629
 Fire: Shortbow          |       |    20 |    83 |       |       |       |       |       ||   103
       Longbow           |       |       |       |   259 |   488 |  1209 |   819 |   812 ||  3587
       Blowgun           |       |       |       |     4 |       |       |       |       ||     4
 Cast: Shroud of Golubri |       |       |       |       |       |       |     5 |     1 ||     6
       Portal Projectile |       |       |       |       |       |       |     1 |       ||     1
Invok: Finesse           |       |       |       |       |     2 |     4 |     9 |    10 ||    25
       Heroism           |       |       |       |       |     2 |       |       |       ||     2
 Abil: Stop Flying       |       |       |       |       |       |     3 |       |       ||     3
       Evoke Flight      |       |       |       |       |       |     3 |       |       ||     3
Evoke: Wand              |       |       |       |     3 |     4 |       |     2 |       ||     9
  Use: Scroll            |     6 |       |     9 |     9 |    18 |    17 |    11 |    12 ||    82
       Potion            |     6 |       |     2 |     3 |     3 |       |     4 |     1 ||    19
 Stab: Distracted        |       |     1 |       |       |     1 |       |       |       ||     2
       Confused          |       |       |       |     2 |       |       |       |       ||     2
       Sleeping          |       |       |       |       |     1 |       |       |       ||     1
  Eat: Chunk             |     2 |     7 |    17 |    21 |    38 |    25 |    44 |    17 ||   171
       Meat ration       |       |       |       |     1 |       |     1 |       |       ||     2
       Bread ration      |       |       |       |       |     3 |     2 |     1 |     1 ||     7
       Beef jerky        |       |       |       |       |     1 |       |       |       ||     1
       Fruit             |       |       |       |       |       |       |     2 |       ||     2
       Royal jelly       |       |       |       |       |       |       |       |     1 ||     1
